 Dungeon Crawl Stone Soup version 0.21.1-1-g345015f (webtiles) character file.

76 poirepourri the Magician (level 4, -7/24 HPs)
             Began as a Deep Elf Conjurer on July 19, 2018.
             Killed from afar by Duvessa (8 damage)
             ... with a wand of flame (33)
             ... on level 4 of the Dungeon.
             The game lasted 00:03:07 (2314 turns).

poirepourri the Magician (Deep Elf Conjurer)        Turns: 2314, Time: 00:03:08

Health: -7/24      AC:  3    Str:  5    XL:     4   Next: 12%
Magic:  11/14      EV: 18    Int: 21    God:
Gold:   144        SH:  0    Dex: 20    Spells: 9/15 levels left

rFire    . . .     SeeInvis .   d - +2 dagger (drain)
rCold    . . .     Gourm    .   (no shield)
rNeg     . . .     Faith    .   a - +1 robe
rPois    .         Spirit   .   e - +0 hat
rElec    .         Reflect  .   (no cloak)
rCorr    .         Harm     .   (no gloves)
MR       .....                  (no boots)
Stlth    +++.......             (no amulet)
HPRegen  0.08/turn              (no ring)
MPRegen  0.14/turn              (no ring)

@: agile
A: no striking features
a: no special abilities


You were on level 4 of the Dungeon.
You were very full.

You visited 1 branch of the dungeon, and saw 4 of its levels.

You collected 144 gold pieces.

Inventory:

Hand Weapons
 d - a +2 dagger of draining (weapon)
Armour
 a - a +1 robe (worn)
 e - a +0 hat (worn)
Jewellery
 f - an uncursed amulet of harm {unknown}
Wands
 j - a wand of disintegration (7)
Scrolls
 h - 2 scrolls of remove curse
 i - a scroll of fear
 l - a scroll of amnesia
Potions
 g - a potion of lignification
 n - a potion of heal wounds {unknown}
Books
 b - a book of Conjurations

   Spells                             Type                      Level
   a - Magic Dart                     Conjuration                  1
   b - Searing Ray                    Conjuration                  2
   c - Dazzling Spray                 Conjuration/Hexes            3
   d - Fulminant Prism                Conjuration/Hexes            4
   e - Force Lance                    Conjuration/Translocation    4
   f - Iskenderun's Mystic Blast      Conjuration                  4
Comestibles
 c - 2 rations


   Skills:
 - Level 2.4 Dodging
 - Level 2.4 Stealth
 - Level 6.1 Spellcasting
 + Level 4.3 Conjurations


You had 9 spell levels left.
You knew the following spells:

 Your Spells              Type           Power        Failure   Level  Hunger
a - Magic Dart            Conj           ###.         1%          1    None
b - Searing Ray           Conj           ###...       2%          2    None
c - Dazzling Spray        Conj/Hex       ###...       12%         3    ##.....


Dungeon Overview and Level Annotations

Branches:
Dungeon (4/15)
 Temple: D:4-7

Altars:
Elyvilon
Sif Muna
Uskayaw

Annotations:
D:3 2 transporters
D:4 Duvessa


Message History

Duvessa zaps a wand.
The puff of flame hits you!
There is a stone staircase leading up here.
Unknown command.
Casting: Magic Dart
Confirm with . or Enter, or press ? or * to list all spells.
Aiming: Searing Ray
Press: ? - help, Shift-Dir - straight line, f - Duvessa
Aim: Duvessa, wielding a short sword, wearing a ring mail and carrying a wand of flame (35)
The searing ray hits Duvessa. (Press . to maintain the ray.) Duvessa zaps a wand.
The puff of flame hits you!
* * * LOW HITPOINT WARNING * * *
The searing ray hits Duvessa.
Duvessa is lightly wounded.
Duvessa zaps a wand.
The puff of flame hits you!
* * * LOW HITPOINT WARNING * * *
It was a potion of agility.
You feel agile all of a sudden.
Duvessa zaps a wand.
The puff of flame hits you!
You die...

###############
..............#
#.......#
#..#..##..# .
#. #..###....
e. #e........
.# #@####.#.. #
#.# ... ...##
#####


You could see Duvessa.

Vanquished Creatures
  An adder (D:2)
  An ooze (D:1)
  A dart slug (D:2)
  A leopard gecko (D:3)
  8 giant cockroaches
  7 hobgoblins
  2 jackals (D:1)
  2 quokkas (D:2)
  8 bats
  4 frilled lizards
  7 goblins
  7 kobolds
  4 rats
53 creatures vanquished.

Notes
Turn   | Place    | Note
-------+----------+-------------------------------------------
     0 | D:1      | poirepourri the Deep Elf Conjurer began the quest for the Orb.
     0 | D:1      | Reached XP level 1. HP: 10/10 MP: 6/6
   261 | D:1      | Reached skill level 4 in Spellcasting
   261 | D:1      | Reached XP level 2. HP: 15/15 MP: 1/9
   404 | D:1      | Learned a level 2 spell: Searing Ray
   606 | D:1      | Reached XP level 3. HP: 19/19 MP: 7/11
   611 | D:1      | Learned a level 3 spell: Dazzling Spray
   625 | D:1      | Reached skill level 5 in Spellcasting
  1709 | D:2      | Reached XP level 4. HP: 24/24 MP: 10/13
  1920 | D:2      | Reached skill level 6 in Spellcasting
  1991 | D:3      | Found a transporter.
  2031 | D:3      | Found a transporter.
  2116 | D:3      | Found a deep blue altar of Sif Muna.
  2146 | D:3      | Found a hide-covered altar of Uskayaw.
  2146 | D:3      | Found a white marble altar of Elyvilon.
  2194 | D:4      | Noticed Duvessa
  2313 | D:4      | HP: 1/24 [Duvessa/wand of flame (34) (5)]
  2314 | D:4      | Killed from afar by Duvessa

Skill      XL: |  1  2  3  4 |
---------------+-------------+-----
Spellcasting   | 4 5 6 |  6.1
Dodging        | |  2.4
Stealth        | |  2.4
Conjurations   | |  4.3

Action                   |  1- 3 |  4- 6 || total
-------------------------+-------+-------++-------
Melee: Dagger            |     5 |       ||     5
 Cast: Magic Dart        |    77 |    11 ||    88
       Searing Ray       |     5 |     3 ||     8
  Use: Scroll            |    10 |     2 ||    12
       Potion            |       |     1 ||     1
  Eat: Ration            |     1 |     2 ||     3
Armor: Robe              |     2 |     1 ||     3
Dodge: Dodged            |    10 |     5 ||    15
